AoeStats
← Křovák

Arena

506850731Analyzed
1v1 RM · 18d ago on Sep 15, 2026· 46m 31s· 2 players
Game mode
Random Map
Map size
Tiny (2 player)
Population
200
Speed
Normal
Resources
Standard
Victory
Conquest
Starting age
Dark Age
Ending age
Imperial Age
RankedLock teamsTeams togetherTeam positionsShared explorationLock speedFull tech treeHidden civsTurbo modeCheats
Victory
Defeat
🇮🇹 Goths · Italy
813
+15
🇨🇿 Teutons · Czechia
785
-15
Křovák
9:45 Loom
11:31 Feudal Age
13:19 Double-Bit Axe
16:11 Castle Age
14:51 Horse Collar
18:07 Bow Saw
29:03 Imperial Age
26:19 Town Watch
27:09 Wheelbarrow
26:38 Heavy Plow
31:37 Chemistry
32:52 Fortified Wall
33:05 Ballistics
33:41 Fletching
34:02 Forging
33:58 Scale Barding Armor
37:52 Ironclad
38:09 Hoardings
38:08 Bodkin Arrow
38:14 Scale Mail Armor
41:35 Iron Casting
41:15 Chain Mail Armor
42:04 Two-Man Saw
41:19 Fortified Wall
41:20 Masonry
46:11 Chain Barding Armor
46:52 Blast Furnace
dadamora
8:33 Loom
10:40 Feudal Age
14:17 Castle Age
13:21 Double-Bit Axe
13:53 Gold Mining
17:06 Bow Saw
20:38 Stone Mining
20:55 Horse Collar
23:22 Stone Shaft Mining
23:39 Heavy Plow
25:18 Wheelbarrow
26:16 Town Watch
29:40 Imperial Age
27:30 Hand Cart
28:15 Forging
28:06 Scale Mail Armor
28:54 Anarchy
29:37 Iron Casting
29:30 Squires
29:23 Fletching
30:57 Elite Huskarl
31:24 Pikeman
32:45 Halberdier
35:31 Blast Furnace
34:46 Chain Mail Armor
39:56 Ballistics
39:48 Masonry
43:46 Perfusion
Connection lost

Rejoining the realm…

Still unreachable

The connection could not be restored.

Session expired

The server has moved on; the page needs a fresh start.